 Dungeon Crawl Stone Soup version 0.26-a0-639-g72c4674329 (webtiles) character file.

Game seed: 1051860226459654384

7322 tof the Cleaver (level 10, 0/93 HPs)
             Began as a Minotaur Berserker on Sept 21, 2020.
             Was a High Priest of Trog.
             Slain by an orc warrior
             ... wielding a +4 spear
              (6 damage)
             ... in a bailey.
             The game lasted 00:25:43 (9531 turns).

tof the Cleaver (Minotaur Berserker)                Turns: 9531, Time: 00:25:43

Health: 0/93       AC: 11    Str: 25    XL:     10   Next: 90%
Magic:  9/9        EV: 15    Int:  4    God:    Trog [*****.]
Gold:   404        SH:  0    Dex: 10    Spells: 9/9 levels left

rFire    + . .     SeeInvis .   s - +6 executioner's axe "Gist" {flame, rF+}
rCold    . . .     Faith    +   (shield currently unavailable)
rNeg     . . .     Spirit   .   m - +0 swamp dragon scales
rPois    +         Reflect  .   (helmet restricted)
rElec    .         Harm     .   c - +0 cloak
rCorr    .         Rampage  .   (no gloves)
MR       .....                  (no boots)
Stlth    ..........             q - amulet of faith
HPRegen  0.25/turn              (no ring)
MPRegen  0.11/turn              (no ring)

@: berserk cooldown, slowed, very slow
A: retaliatory headbutt, horns 2
a: Berserk, Trog's Hand, Brothers in Arms, Renounce Religion


You were in a bailey.
You worshipped Trog.
Trog was extremely pleased with you.
You visited 2 branches of the dungeon, and saw 11 of its levels.
You also visited: Bailey.

You collected 488 gold pieces.
You spent 84 gold pieces at shops.

Inventory:

Hand Weapons
 a - a +0 hand axe
 j - a +2 antimagic hand axe
 s - the +6 executioner's axe "Gist" (weapon) {flame, rF+}
   (Trog gifted it to you on level 7 of the Dungeon)

   It has been specially enchanted to burn those struck by it, causing extra
   injury to most foes and up to half again as much damage against particularly
   susceptible opponents.
   Big, fiery blades are also staple armaments of hydra-hunters.
   It protects you from fire.
 y - a +0 battleaxe
Missiles
 k - 43 poisoned darts
 o - 18 boomerangs (quivered)
Armour
 c - a +0 cloak (worn)
 m - +0 swamp dragon scales (worn)
Jewellery
 i - an uncursed amulet of regeneration
 q - an amulet of faith (around neck)
 t - an uncursed amulet of the acrobat
Wands
 n - a wand of digging (4)
 u - a wand of acid (8)
 v - a wand of polymorph (4)
Scrolls
 d - 6 scrolls of teleportation
 g - a scroll of blinking
 h - 3 scrolls of enchant weapon
 r - a scroll of fog
 w - 2 scrolls of noise {unknown}
Potions
 b - 3 potions of flight {unknown}
 e - 7 potions of heal wounds
 f - 2 potions of curing {unknown}
 l - 2 potions of might
 p - 3 potions of cancellation
 x - a potion of haste


   Skills:
 + Level 10.2 Fighting
 * Level 11.2 Axes
 + Level 9.8 Armour
 + Level 8.9 Dodging
 + Level 3.1 Evocations


You had 9 spell levels left.
You didn't know any spells.
Your spell library was empty.

Dungeon Overview and Level Annotations

Branches:
Dungeon (10/15)            Temple (1/1) D:4          Bailey (1/1)
   Lair: D:8-11         Orc: D:9-12

Altars:
Ashenzari
Cheibriados
Dithmenos
Elyvilon
Fedhas
Gozag
Hepliaklqana
Kikubaaqudgha
Makhleb
Nemelex Xobeh
Okawaru
Qazlal
Ru
Sif Muna
Trog
Uskayaw
Vehumet
Wu Jian
Xom
Yredelemnul
Zin
The Shining One

Shops:
D:6 ?   D:7 ::*(   D:8 }


Innate Abilities, Weirdness & Mutations

You reflexively headbutt those who attack you in melee.
You have a pair of horns on your head.


Message History

The orc no longer looks unusually strong.
The orc warrior no longer looks unusually strong.
The orc warrior barely misses you. The orc misses you.
The orc warrior hits you from afar with a +0 halberd!
The orc warrior hits you from afar with a +4 spear!
* * * LOW HITPOINT WARNING * * *
The orc hits you but does no damage. The orc warrior barely misses you.
You slash the orc! You burn the orc.
You kill the orc!
Trog accepts your kill.
The orc warrior no longer looks unusually strong.
The orc warrior hits you from afar with a +4 spear!
* * * LOW HITPOINT WARNING * * *
The orc warrior completely misses you. The orc warrior closely misses you.
The orc knight roars a battlecry!
The orcs go into a battle-frenzy!
The orc warrior closely misses you. x2
The orc warrior closely misses you.
The orc warrior hits you with a +4 spear.
You die...

### ##
##∩###########.## .
#.∩.##.....##..(#
≈..#..(#..≈≈≈..#o..#
≈≈.....()≈≈o≈≈.#..!#
o≈.......≈.oo≈.'@..#
≈≈.......≈≈o≈≈.#.o.#
≈..#...#..≈≈≈..#..[#
..##...##.....##...#
## ##∩###########.##
## ##


You could see an orc knight, 4 orc warriors and an orc (strong).

Vanquished Creatures
  A two-headed ogre (D:9)
  The ghost of Flugslaktarn the Fighter, a novice MiFi of Makhleb (D:8)
  2 centaur zombies
  Joseph (D:8)
  Maggie (D:6)
  Grinder (D:4)
  A hippogriff (D:7)
  A wraith (D:10)
  A wyvern (D:8)
  Menkaure (D:4)
  4 orc warriors
  4 phantoms
  2 sky beasts
  A black bear (D:7)
  4 ogres
  4 centaurs
  A big kobold (D:9)
  5 bullfrogs
  A wyvern zombie (D:9)
  2 scorpions
  5 killer bees (D:8)
  A bullfrog zombie (D:7)
  5 hounds
  A bullfrog skeleton (D:7)
  5 orc priests
  2 jellies
  A centaur skeleton (D:7)
  18 orc wizards
  2 iguanas
  8 worker ants
  A hound zombie (D:5)
  2 hound skeletons
  6 gnolls
  11 adders
  7 shadow imps
  An ufetubus (D:8)
  2 worms
  3 dart slugs
  A leopard gecko (D:9)
  48 orcs
  9 bats
  3 giant cockroaches
  9 goblins
  8 hobgoblins
  11 jackals
  5 quokkas
  A ball python (D:3)
  A ball python skeleton (D:4)
  7 frilled lizards
  9 kobolds
  A leopard gecko skeleton (D:4)
  A leopard gecko zombie (D:7)
  9 rats
243 creatures vanquished.

Notes
Turn   | Place    | Note
-------+----------+-------------------------------------------
     0 | D:1      | tof the Minotaur Berserker began the quest for the Orb.
     0 | D:1      | Reached XP level 1. HP: 19/19 MP: 0/0
   149 | D:1      | Reached XP level 2. HP: 22/27 MP: 1/1
   320 | D:1      | Reached ** piety under Trog
   332 | D:1      | Reached skill level 4 in Axes
   625 | D:1      | Reached XP level 3. HP: 31/33 MP: 2/2
  1505 | D:3      | Reached XP level 4. HP: 40/40 MP: 3/3
  1861 | D:3      | Found a faded altar of an unknown god.
  1952 | D:3      | Reached *** piety under Trog
  2374 | D:4      | Reached XP level 5. HP: 47/47 MP: 1/4
  2499 | D:4      | Reached skill level 5 in Axes
  2547 | D:4      | Found a staircase to the Ecumenical Temple.
  2566 | Temple   | Entered the Ecumenical Temple
  2620 | D:4      | Reached skill level 5 in Fighting
  2623 | D:4      | Noticed Menkaure
  2631 | D:4      | HP: 2/72 [Menkaure (15)]
  2632 | D:4      | Killed Menkaure
  2632 | D:4      | Reached XP level 6. HP: 2/56 MP: 1/5
  2858 | D:4      | Found a basalt altar of Yredelemnul.
  3060 | D:4      | Reached skill level 5 in Armour
  3060 | D:4      | Reached XP level 7. HP: 62/62 MP: 2/6
  3203 | D:4      | Found a radiant altar of Vehumet.
  3235 | D:4      | Reached skill level 6 in Axes
  3328 | D:4      | Noticed Grinder
  3347 | D:4      | Killed Grinder
  3347 | D:4      | Reached skill level 5 in Dodging
  3402 | D:4      | Found a snail-covered altar of Cheibriados.
  3402 | D:4      | Found a glowing golden altar of the Shining One.
  3531 | D:5      | Entered Level 5 of the Dungeon
  3552 | D:5      | Reached **** piety under Trog
  4017 | D:5      | Reached XP level 8. HP: 67/71 MP: 2/7
  4649 | D:6      | Reached skill level 7 in Axes
  4919 | D:6      | Found Xorhom's Magic Scroll Shop.
  4945 | D:6      | Bought a scroll of identify for 28 gold pieces
  4945 | D:6      | Bought a scroll of identify for 28 gold pieces
  4945 | D:6      | Bought a scroll of identify for 28 gold pieces
  5149 | D:6      | Noticed Maggie
  5169 | D:6      | Killed Maggie
  5169 | D:6      | Reached skill level 8 in Axes
  5169 | D:6      | Reached XP level 9. HP: 72/81 MP: 2/8
  5441 | D:6      | Found a sacrificial altar of Ru.
  5549 | D:6      | Found a blossoming altar of Fedhas.
  5915 | D:7      | Found an iron altar of Okawaru.
  6089 | D:7      | Reached ***** piety under Trog
  6660 | D:7      | Found Viumun's Antique Weapon Boutique.
  6662 | D:7      | Found Goaxtean's General Store.
  6663 | D:7      | Found Rutuocyi's Book Boutique.
  6665 | D:7      | Found Zewujega's Book Boutique.
  6683 | D:7      | Reached skill level 9 in Axes
  6760 | D:7      | Received a gift from Trog
  6768 | D:7      | Got a smoking executioner's axe {god gift}
  6769 | D:7      | Identified the +6 executioner's axe "Gist" {flame, rF+}
                  | (Trog gifted it to you on level 7 of the Dungeon)
  7247 | D:8      | Found Ynkiongu's Gadget Shoppe.
  7410 | D:8      | Reached skill level 1 in Evocations
  7410 | D:8      | Reached XP level 10. HP: 82/91 MP: 9/9
  7486 | D:8      | Found a runed translucent door.
  7487 | D:8      | Noticed Flugslaktarn's ghost (novice MiFi)
  7545 | D:8      | Killed Flugslaktarn's ghost
  7545 | D:8      | Reached skill level 10 in Axes
  7849 | D:8      | Noticed Joseph
  7870 | D:8      | Killed Joseph
  8457 | D:9      | Noticed a two-headed ogre
  8463 | D:9      | Killed a two-headed ogre
  8474 | D:9      | Reached skill level 10 in Fighting
  8898 | D:9      | Found a shadowy altar of Dithmenos.
  9262 | D:9      | Reached skill level 11 in Axes
  9410 | D:10     | Entered Level 10 of the Dungeon
  9433 | D:10     | Found a flagged portal.
  9436 | D:10     | Received a gift from Trog
  9510 | Bailey   | Entered a bailey
  9510 | Bailey   | Noticed an orc knight
  9531 | Bailey   | Slain by an orc warrior

Illustrated notes

Levels and vault maps discovered:
D:1:      dpeg_arrival_yet_another_circle, layout_loops_ring
D:2:      layout_loops_ring
D:3:      layout_basic, chequers_ecumenical_altar_simple
D:4:      layout_cave_pools, gammafunk_temple_overflow_elements,
          yredelemnul_altar_generic, fiery_altar_vehumet,
          minmay_temple_entry_stoned_glass, uniq_menkaure, uniq_grinder
D:5:      layout_loops_ring, chequers_serial_rivers_micro_d, grunt_ministairs_5
D:6:      layout_loops_corners, nicolae_ru_sacrificial_ziggurat, serial_shops,
          nicolae_shop_stone, fedhas_altar_1, uniq_maggie
D:7:      layout_loops_corners, lemuel_round_altar, minmay_shop_grid_forest,
          kennysheep_generic_room_11
D:8:      layout_cave_pools, serial_shops, nicolae_shop_behind_doors,
          gammafunk_ghost_grave, solitary_fountain, uniq_joseph
D:9:      layout_grid_maze, grunt_dithmenos_shadows
D:10:     layout_rooms, lightli_bailey_entry_fortress, uniq_harold
Temple:   minmay_freezing_vapour_temple
Bailey:   bailey_polearm_4, bailey

Skill      XL: |  1  2  3  4  5  6  7  8  9 10 |
---------------+-------------------------------+-----
Fighting       | 4 5 6 8 9 10 | 10.2
Axes           | 4 5 6 8 9 11 | 11.2
Armour         | 3 4 5 6 7 8 9 |  9.8
Dodging        | 3 4 5 6 8 |  8.9
Evocations     | 1 3 |  3.1

Action                   |  1- 3 |  4- 6 |  7- 9 | 10-12 || total
-------------------------+-------+-------+-------+-------++-------
Melee: Hand axe          |    97 |   106 |   248 |       ||   451
       Headbutt          |    14 |    13 |    68 |    12 ||   107
       Executioner's axe |       |       |    46 |    74 ||   120
       Unarmed           |       |       |       |    11 ||    11
Throw: Boomerang         |       |       |    16 |       ||    16
Invok: Berserk           |       |     1 |     3 |     4 ||     8
       Trog's Hand       |       |       |       |     1 ||     1
  Use: Scroll            |     2 |       |    11 |       ||    13
Armor: Animal skin       |     8 |       |       |       ||     8
       Ring mail         |    10 |       |       |       ||    10
       Scale mail        |    22 |    48 |    38 |       ||   108
       Swamp dragon scal |       |       |    59 |    49 ||   108
Dodge: Dodged            |    61 |    64 |   218 |   101 ||   444

Table legend: (Time is in decaauts)
 A = Elapsed time spent in this place.
 B = Non-inter-level travel time spent in this place.
 C = Inter-level travel time spent in this place.
 D = Time resting spent in this place.
 E = Time spent auto-exploring this place.
 F = Levels seen in this place.
 G = Mean time per level.
                   A        B        C        D        E       F      G
               +--------+--------+--------+--------+--------+-----+--------+
         Total |   9667 |   9425 |    242 |   2682 |   5149 |  12 |  805.6 |
       Dungeon |   9617 |   9375 |    242 |   2682 |   5138 |  10 |  961.7 |
        Temple |     24 |     24 |      0 |      0 |     11 |   1 |   24.0 |
        Bailey |     24 |     24 |      0 |      0 |      0 |   1 |   24.0 |
               +--------+--------+--------+--------+--------+-----+--------+

Top non-repeatable levels by time:
     D:6: 1352 daAuts
     D:7: 1281 daAuts
     D:9: 1256 daAuts
     D:3: 1124 daAuts
     D:8: 1046 daAuts
     D:5: 1032 daAuts
     D:4: 930 daAuts
     D:1: 851 daAuts
     D:2: 634 daAuts
    D:10: 107 daAuts
  Bailey: 24 daAuts
  Temple: 24 daAuts
